 Dungeon Crawl Stone Soup version 0.21.0 (webtiles) character file.

1020 HungrySpirit the Cleaver (level 8, -5/71 HPs)
             Began as a Minotaur Gladiator on Jan 6, 2018.
             Hit by a tomahawk of returning thrown by an orc warrior (16 damage)
             ... on level 6 of the Dungeon.
             The game lasted 00:09:34 (5619 turns).

HungrySpirit the Cleaver (Minotaur Gladiator)       Turns: 5619, Time: 00:09:35

Health: -5/71      AC: 10    Str: 21    XL:     8   Next: 2%
Magic:  7/7        EV:  7    Int:  5    God:
Gold:   46         SH:  0    Dex: 12    Spells: 7/7 levels left

rFire    . . .     SeeInvis .   a - +0 war axe
rCold    . . .     Gourm    .   (no shield)
rNeg     . . .     Faith    +   q - +0 plate armour
rPois    .         Spirit   .   c - +0 hat
rElec    .         Reflect  .   (no cloak)
rCorr    .         Harm     .   (no gloves)
MR       .....                  (no boots)
Stlth    ..........             g - amulet of faith
HPRegen  0.21/turn              (no ring)
MPRegen  0.10/turn              (no ring)

@: no status effects
A: retaliatory headbutt, horns 2
a: no special abilities


You were on level 6 of the Dungeon.
You were not hungry.

You visited 1 branch of the dungeon, and saw 6 of its levels.

You collected 329 gold pieces.
You spent 283 gold pieces at shops.

Inventory:

Hand Weapons
 a - a +0 war axe (weapon)
Missiles
 d - 3 throwing nets (quivered)
Armour
 c - a +0 hat (worn)
 q - a +0 plate armour (worn)
Jewellery
 g - an amulet of faith (around neck)
 n - an uncursed ring of positive energy {unknown}
Wands
 y - a wand of polymorph (12)
Scrolls
 i - a scroll of random uselessness {unknown}
 k - 3 scrolls of magic mapping
 l - 8 scrolls of identify
 m - 4 scrolls of remove curse
 p - a scroll of fog {unknown}
 s - a scroll of amnesia {unknown}
 t - a scroll of enchant armour {unknown}
 u - 2 scrolls of blinking
 v - 4 scrolls of teleportation
 A - a scroll of fear
Potions
 b - 3 potions of curing {unknown}
 e - 3 potions of heal wounds {unknown}
 h - a potion of haste {unknown}
 j - a potion of agility {unknown}
 o - a potion of mutation {unknown}
 w - a potion of brilliance {unknown}
 x - a potion of might {unknown}
 z - a potion of lignification {unknown}
Books
 r - a book of Minor Magic

   Spells                             Type                      Level
   a - Magic Dart                     Conjuration                  1
   b - Blink                          Translocation                2
   c - Call Imp                       Summoning                    2
   d - Slow                           Hexes                        2
   e - Conjure Flame                  Conjuration/Fire             3
   f - Mephitic Cloud                 Conjuration/Poison/Air       3
Comestibles
 f - 13 rations


   Skills:
 + Level 6.7 Fighting
 * Level 9.8 Axes
 - Level 2.0 Throwing
 - Level 3.2 Dodging


You had 7 spell levels left.
You didn't know any spells.

Dungeon Overview and Level Annotations

Branches:
Dungeon (6/15)             Temple (0/1) D:5

Altars:
Cheibriados
Elyvilon
Ru
Sif Muna
Xom

Shops:
D:6 :??=


Innate Abilities, Weirdness & Mutations

You reflexively headbutt those who attack you in melee.
You have a pair of horns on your head.


Message History

You slash the orc warrior! You headbutt the orc warrior.
The orc warrior is almost dead.
The orc warrior hits you with a scimitar!
Unknown command.
The orc shouts!
You hit the orc warrior but do no damage.
Your headbutt misses the orc warrior.
The orc warrior is almost dead.
The orc warrior hits you with a scimitar.
* * * LOW HITPOINT WARNING * * *
The orc warrior throws a tomahawk of returning.
The tomahawk of returning hits you.
* * * LOW HITPOINT WARNING * * *
The weapon returns to the orc warrior!
The orc warrior throws a stone.
The stone hits you.
* * * LOW HITPOINT WARNING * * *
The orc warrior throws a stone.
The stone hits you but does no damage.
The orc warrior throws a tomahawk of returning.
The tomahawk of returning hits you!
You die...

#.##.......#.#.#.#.#
#.#
#.##...............#
#.#
#.##.......#.#.#.#.#
#.# #.##...............
#.# #.##...#.........#
#.# #.# ...........#
#.# #.# #.∩.#......#
#.# #.#
.......(...##########.#
#.#
..#.....o..@..........#
#.#
#....oo..############
#.# .......o#### #.#
.######.# #.#+#+### #o#
........####o#####
...........oo.....
...o........o.....
.>....o...........


You could see 2 orc warriors, an orc wizard and an orc.

Vanquished Creatures
  An ogre (D:5)
  A centaur (D:6)
  The ghost of zkyp the Cutter, an amateur KoNe (D:4)
  2 bullfrogs (D:6)
  3 scorpions
  A howler monkey (D:6)
  3 hounds
  An orc wizard (D:4)
  An orc priest (D:4)
  Terence (D:2)
  An iguana (D:6)
  2 hound skeletons (D:5)
  4 adders
  8 gnolls
  A howler monkey skeleton (D:6)
  2 oozes
  4 worms
  4 dart slugs
  3 leopard geckos
  13 orcs
  5 ball pythons
  3 giant cockroaches
  6 goblins
  7 hobgoblins
  6 jackals
  8 kobolds
  A quokka (D:2)
  6 bats
  3 frilled lizards
  A jackal skeleton (D:4)
  11 rats
114 creatures vanquished.

Vanquished Creatures (others)
  A plant (D:2)
1 creature vanquished.

Grand Total: 115 creatures vanquished

Notes
Turn   | Place    | Note
-------+----------+-------------------------------------------
     0 | D:1      | HungrySpirit the Minotaur Gladiator began the quest for the Orb.
     0 | D:1      | Reached XP level 1. HP: 18/18 MP: 0/0
    47 | D:1      | Reached skill level 4 in Axes
   327 | D:1      | Reached XP level 2. HP: 24/25 MP: 1/1
   536 | D:1      | Reached XP level 3. HP: 31/31 MP: 2/2
   928 | D:2      | Reached skill level 5 in Axes
  1003 | D:2      | Noticed Terence
  1027 | D:2      | Killed Terence
  1027 | D:2      | Reached XP level 4. HP: 35/39 MP: 3/3
  1552 | D:2      | Found a sacrificial altar of Ru.
  1733 | D:3      | Reached skill level 6 in Axes
  1918 | D:3      | Reached XP level 5. HP: 46/46 MP: 4/4
  1978 | D:3      | You fall through a shaft for 3 floors!
  2356 | D:6      | Noticed an ogre
  2378 | D:6      | Noticed an orc warrior
  2379 | D:6      | Found Neocev's Book Shoppe.
  2466 | D:5      | Entered Level 5 of the Dungeon
  2695 | D:5      | Reached skill level 7 in Axes
  2696 | D:5      | Reached XP level 6. HP: 47/53 MP: 5/5
  2906 | D:5      | Reached skill level 5 in Fighting
  3144 | D:5      | Found a staircase to the Ecumenical Temple.
  3463 | D:5      | Reached skill level 8 in Axes
  3651 | D:5      | Reached XP level 7. HP: 52/61 MP: 6/6
  3786 | D:4      | Found a snail-covered altar of Cheibriados.
  3786 | D:4      | Found a white marble altar of Elyvilon.
  3876 | D:4      | Noticed zkyp's ghost (amateur KoNe)
  3884 | D:4      | Killed zkyp's ghost
  3991 | D:4      | Reached skill level 9 in Axes
  4258 | D:4      | Found a shimmering altar of Xom.
  4998 | D:3      | Found a deep blue altar of Sif Muna.
  5393 | D:6      | Found Wehab's Magic Scroll Shop.
  5405 | D:6      | Bought a scroll of teleportation for 36 gold pieces
  5405 | D:6      | Bought a scroll of identify for 24 gold pieces
  5405 | D:6      | Bought a scroll of blinking for 90 gold pieces
  5405 | D:6      | Bought a scroll of fear for 42 gold pieces
  5421 | D:6      | Found Umahuxan's Magic Scroll Emporium.
  5429 | D:6      | Bought a scroll of remove curse for 42 gold pieces
  5429 | D:6      | Bought a scroll of magic mapping for 49 gold pieces
  5482 | D:6      | Reached XP level 8. HP: 71/71 MP: 7/7
  5604 | D:6      | Found Kaip Gipt's Jewellery Shoppe.
  5619 | D:6      | Hit by a tomahawk of returning thrown by an orc warrior

Skill      XL: |  1  2  3  4  5  6  7 |
---------------+----------------------+-----
Axes           | 4 5 6 7 8 9 |  9.8
Fighting       | 3 4 5 6 |  6.7
Throwing       | |  2.0
Dodging        | |  3.2

Action                   |  1- 3 |  4- 6 |  7- 9 || total
-------------------------+-------+-------+-------++-------
Melee: War axe           |    70 |   134 |    80 ||   284
       Headbutt          |     6 |    29 |    17 ||    52
 Stab: Sleeping          |     1 |       |       ||     1
  Eat: Chunk             |       |     8 |     4 ||    12
       Ration            |       |       |     1 ||     1
Armor: Leather armour    |    16 |     2 |       ||    18
       Plate armour      |       |    86 |    40 ||   126
Dodge: Dodged            |    45 |    62 |    27 ||   134
